 Dungeon Crawl Stone Soup version 0.31.0-1-g2c135a008e (webtiles) character file.

Game seed: 4830691307283764137

487 qw the Ducker (level 7, 0/51 HPs)
             Began as a Djinni Hunter on Jan 24, 2024.
             Slain by Grinder (8 damage)
             ... on level 4 of the Dungeon.
             The game lasted 00:00:11 (2624 turns).

qw the Ducker (Djinni Hunter)                       Turns: 2624, Time: 00:00:11

Health: 0/51       AC:  6    Str: 10    XL:     7   Next: 36%
Gold:   200        EV: 12    Int: 10    God:
                   SH:  0    Dex: 19

rFire   + + .        a - +2 shortbow
rCold   x . .        (shield currently unavailable)
rNeg    . . .        b - +0 ring mail
rPois   inf          (no helmet)
rElec   .            (no cloak)
rCorr   .            h - +0 pair of gloves
SInv    .            (boots unavailable)
Will    .....        (no amulet)
Stlth   +            (no ring)
HPRegen 0.28/turn    (no ring)
MPRegen 0.00/turn

%: infuse magic (-1 HP)
@: flying
A: sickness immunity, fire resistance 2, cold vulnerability 1, float, innate
caster, HP casting, extra vitality 1
a: no special abilities


You were on level 4 of the Dungeon.
You visited 1 branch of the dungeon, and saw 4 of its levels.

You collected 200 gold pieces.


Innate Abilities, Weirdness & Mutations

You are immune to sickness and miasma.
You are immune to poison.
Your flesh is very heat resistant. (rF++)
You are vulnerable to cold. (rC-)
You float through the air rather than walking.
You learn spells naturally, not from books.
Your magical power is your life essence.
You have superior vitality. (+4 MHP)


   Skills:
 + Level 3.8 Fighting
 - Level 5.0 Ranged Weapons
 - Level 1.1 Armour
 - Level 5.1 Dodging
 - Level 0.7 Stealth


You knew the following spells:

 Your Spells              Type           Power      Damage    Failure   Level
a - Summon Small Mammal   Summ           0%         N/A       67%         1
b - Mercury Vapours       Alch/Air       0%         N/A       82%         2
c - Gell's Gravitas       Tloc           0%         N/A       96%         3
Your spell library was empty.

Inventory:

Hand Weapons
 a - a +2 shortbow (weapon)
Armour
 b - a +0 ring mail (worn)
 h - a +0 pair of gloves (worn)
Scrolls
 e - a scroll of blinking {unknown}
 f - 3 scrolls of identify
 i - a scroll of noise {unknown}
Potions
 c - a potion of ambrosia {unknown}
 d - a potion of cancellation
 g - a potion of heal wounds {unknown}
 j - a potion of attraction {unknown}

Dungeon Overview and Level Annotations

Branches:
Dungeon (4/15)
 Temple: D:4-7

Altars:
Cheibriados
Xom

Annotations:
D:4 Grinder


Message History

Grinder completely misses you. The orc closely misses you.
You shoot an arrow. The arrow hits Grinder!
Grinder is heavily wounded.
The orc hits you with a +0 club. Grinder misses you.
You shoot an arrow. The arrow closely misses Grinder.
Grinder gestures at you.
You suddenly lose the ability to move!
The orc hits you but does no damage. Grinder gestures at you.
You shrug off the repeated paralysis!
The orc barely misses you. Grinder gestures at you.
Pain shoots through your body! The orc hits you with a +0 club.
Grinder hits you. The orc hits you with a +0 club.
You can move again.
You shoot an arrow. The arrow hits Grinder.
Grinder is heavily wounded.
Grinder hits you but does no damage. The orc misses you.
Grinder gestures at you. Pain shoots through your body!
The orc closely misses you.
You shoot an arrow. The arrow hits Grinder!
Grinder is severely wounded.
Grinder hits you but does no damage. The orc closely misses you.
You shoot an arrow. The arrow closely misses Grinder.
Grinder gestures at you.
You struggle to resist.
The orc hits you but does no damage. Grinder gestures at you.
You resist with some effort. The orc hits you but does no damage.
You shoot an arrow. The arrow hits Grinder!
Grinder is almost dead.
Grinder hits you but does no damage. The orc hits you with a +0 club.
You shoot an arrow.
The arrow hits Grinder but does no damage.
Grinder is almost dead.
Grinder hits you but does no damage. The orc hits you but does no damage.
You shoot an arrow. The arrow barely misses Grinder.
Grinder hits you but does no damage. The orc closely misses you.
Grinder closely misses you. The orc hits you with a +0 club.
You shoot an arrow. The arrow barely misses Grinder.
Grinder hits you!
You die...
Grinder sighs, "Dead already?
I want a refund."

# ##..# #.# #. ### ...#
#.# #.. ##.###.# #.#
#...#...#..####.#
#...#.........###
##.###..........#
###....<.....#.########
###.######.#.........
#.o@....#.##########
......5..<#.#.#
#.#.####### #.# #? #.#
# #.# #.#


You could see Grinder and an orc.

Vanquished Creatures
  Sigmund (D:2)
  An ogre (D:4)
  2 crimson imps (D:4)
  An orc priest (D:4)
  3 gnolls (D:3)
  4 adders
  A dart slug (D:3)
  A ribbon worm (D:3)
  7 orcs (D:4)
  7 bats
  5 endoplasms
  3 giant cockroaches
  6 goblins
  4 hobgoblins
  5 jackals
  10 kobolds
  2 quokkas (D:1)
  5 ball pythons
  7 frilled lizards
  6 rats
81 creatures vanquished.

Notes
Turn   | Place    | Note
-------+----------+-------------------------------------------
     0 | D:1      | qw the Djinni Hunter began the quest for the Orb.
     0 | D:1      | Reached XP level 1. HP: 18/18 MP: 0/0
     0 | D:1      | 0 ||| qw: Version: 0.3-a-136-gdd3b4e8
     0 | D:1      | 0 ||| qw: Game counter: 1233
     0 | D:1      | 0 ||| qw: Melee chars always use a shield: true
     0 | D:1      | 0 ||| qw: God list: Okawaru
     0 | D:1      | 0 ||| qw: Allow faded altars: false
     0 | D:1      | 0 ||| qw: Do Orc after clearing Dungeon:15 true
     0 | D:1      | 0 ||| qw: Do second Lair branch before Depths: true
     0 | D:1      | 0 ||| qw: Lair rune preference: random
     0 | D:1      | 0 ||| qw: Goals: Normal
     0 | D:1      | 0 ||| PLANNING D:1-11
   218 | D:1      | Reached XP level 2. HP: 21/23 MP: 0/0
   497 | D:1      | Reached XP level 3. HP: 28/28 MP: 0/0
   497 | D:1      | Learned a level 1 spell: Summon Small Mammal
   844 | D:1      | You are sucked into a shaft and drop 1 floor!
   932 | D:2      | Reached XP level 4. HP: 34/34 MP: 0/0
   999 | D:2      | 999 ||| READING scroll labelled KODDIOPN RIPHY.
  1000 | D:2      | 1000 ||| READING scroll labelled URUEMU MEIDACU.
  1001 | D:2      | 1001 ||| READING scroll labelled BIONESKEE NIOD.
  1001 | D:2      | 1001 ||| ENCHANTING +0 shortbow.
  1002 | D:2      | 1002 ||| DRINKING 2 fizzy inky potions.
  1003 | D:2      | 1003 ||| DROPPING scroll of butterflies.
  1208 | D:2      | Reached skill level 3 in Fighting
  1247 | D:2      | Found a snail-covered altar of Cheibriados.
  1337 | D:2      | Noticed Sigmund
  1343 | D:2      | 1343 ||| DRINKING potion of curing.
  1343 | D:2      | 1343 ||| (to cure confusion)
  1349 | D:2      | Killed Sigmund
  1350 | D:2      | Reached XP level 5. HP: 23/40 MP: 0/0
  1350 | D:2      | Learned a level 2 spell: Mercury Vapours
  1350 | D:2      | Reached XP level 6. HP: 26/46 MP: 0/0
  1608 | D:2      | 1608 ||| DROPPING scarf of invisibility.
  1640 | D:3      | 1640 ||| READING scroll of enchant weapon.
  1640 | D:3      | 1640 ||| ENCHANTING +1 shortbow.
  2032 | D:3      | 2032 ||| UPGRADING to +0 ring mail.
  2042 | D:3      | 2042 ||| DROPPING +0 leather armour.
  2043 | D:3      | 2043 ||| UPGRADING to +0 pair of gloves.
  2048 | D:3      | 2048 ||| READING 4 scrolls labelled FEIDIJISKO.
  2048 | D:3      | 2048 ||| IDENTIFYING fizzy orange potion
  2049 | D:3      | 2049 ||| READING 3 scrolls of identify.
  2049 | D:3      | 2049 ||| IDENTIFYING 3 fizzy green potions
  2050 | D:3      | 2050 ||| READING 2 scrolls of identify.
  2050 | D:3      | 2050 ||| IDENTIFYING scroll labelled YGEFAM NIOQALLUFF
  2051 | D:3      | 2051 ||| DROPPING 3 potions of degeneration.
  2052 | D:3      | 2052 ||| DROPPING scroll of fog.
  2110 | D:4      | HP: 8/46 [orc priest/divine providence (11)]
  2112 | D:4      | Reached skill level 1 in Armour
  2116 | D:4      | HP: 4/46 [orc/+0 short sword (3)]
  2322 | D:4      | Found a shimmering altar of Xom.
  2428 | D:4      | Noticed an ogre
  2433 | D:4      | Killed an ogre
  2434 | D:4      | Reached XP level 7. HP: 50/50 MP: 0/0
  2434 | D:4      | Learned a level 3 spell: Gell's Gravitas
  2600 | D:4      | Noticed Grinder
  2614 | D:4      | Paralysed by Grinder for 4 turns
  2618 | D:4      | HP: 8/51 [Grinder/nerve-wracking pain (12)]
  2623 | D:4      | HP: 7/51 [orc/+0 club (2)]
  2624 | D:4      | Slain by Grinder

Levels and vault maps discovered:
D:1:      ebering_hopf_link, layout_loops_corners, roderic_roman_lattice,
          nicolae_twisty_statue_hallways
D:2:      layout_basic, basic_altar, minivault_25, minmay_misc_feat_enclosed,
          uniq_sigmund
D:3:      layout_rooms
D:4:      layout_basic, led_xom_imps, minmay_between, uniq_grinder

Skill      XL: |  1  2  3  4  5  6 |
---------------+-------------------+-----
Ranged Weapons | 4 5 |  5.0
Fighting       | 3 |  3.8
Dodging        | 5 |  5.1
Armour         | 1 |  1.1
Stealth        | |  0.7

Action                     |  1- 3 |  4- 6 |  7- 9 || total
---------------------------+-------+-------+-------++-------
   Fire: Shortbow          |    93 |   135 |    51 ||   279
    Use: Scroll            |       |     7 |       ||     7
         Potion            |       |     2 |       ||     2
 Armour: Leather armour    |     9 |    13 |       ||    22
         Ring mail         |       |    26 |    25 ||    51
  Dodge: Dodged            |    15 |    47 |    23 ||    85

Table legend:
 A = Non-vault XP
 B = Vault XP
 C = Vault XP percentage of total XP
 D = Non-vault monster count
 E = Vault monster count
 F = Vault count percentage of total count
                 A         B        C        D         E       F
            +---------+---------+-------+---------+---------+-------
      Total |     382 |     314 |  45.1 |      77 |       4 |   4.9
            +---------+---------+-------+---------+---------+-------
        D:1 |      47 |       0 |   0.0 |      28 |       0 |   0.0
        D:2 |      36 |     214 |  85.6 |      16 |       1 |   5.9
        D:3 |      76 |       0 |   0.0 |      15 |       0 |   0.0
        D:4 |     223 |     100 |  31.0 |      18 |       3 |  14.3
            +---------+---------+-------+---------+---------+-------
